 Dungeon Crawl Stone Soup version 0.19-a0-1254-gb9c29c0 (webtiles) character file.

64942 Amnesiac the Lord of Darkness (level 14, -8/78 HPs)
             Began as a Deep Elf Wizard on Aug 27, 2016.
             Was the Champion of Kikubaaqudgha.
             Mangled by a saltling (14 damage)
             ... in the Desolation of Salt.
             The game lasted 01:05:37 (22162 turns).

Amnesiac the Lord of Darkness (Deep Elf Wizard)    Turns: 22162, Time: 01:05:38

Health: -8/78      AC: 14    Str:  4    XL:     14   Next: 73%
Magic:  0/32       EV: 21    Int: 28    God:    Kikubaaqudgha [******]
Gold:   636        SH:  0    Dex: 17    Spells: 12 memorised, 1 level left

rFire  . . .     SeeInvis .     e - staff of death
rCold  . . .     Gourm    .     M - +2 robe {MR+}
rNeg   + . .     Faith    .     (no shield)
rPois  .         Spirit   +     Y - +2 hat {Spirit}
rElec  .         Dismiss  +     Z - +2 cloak {MR+}
rCorr  .         Reflect  .     Q - +2 pair of gloves {Dex+3}
MR     +++++     Harm     .     P - +1 pair of boots {Stlth+}
Stlth  +++++.....               U - amulet of dismissal
                                u - +2 ring of evasion
                                h - ring of protection from magic

@: repel missiles, drained
A: magic resistance 1, regeneration 1
a: Receive Corpses, Torment, Renounce Religion


You were in the Desolation of Salt.
You worshipped Kikubaaqudgha.
Kikubaaqudgha was exalted by your worship.
You were not hungry.

You visited 5 branches of the dungeon, and saw 19 of its levels.
You visited 1 bazaar.
You also visited: Sewer, Volcano and Desolation.

You collected 1775 gold pieces.
You spent 1139 gold pieces at shops.

Inventory:

Hand Weapons
 G - the +4 long sword "Hydrabane" {flame, Int+3}
   (You found it on level 5 of the Dungeon)

   It has been specially enchanted to burn those struck by it, causing extra
   injury to most foes and up to half again as much damage against particularly
   susceptible opponents.
   Big, fiery blades are also staple armaments of hydra-hunters.
   It affects your intelligence (+3).
 V - a +4 dagger of electrocution
Armour
 k - a +0 pair of boots of flying
 M - a +2 robe of magic resistance (worn)
 P - a +1 pair of boots of stealth (worn)
 Q - a +2 pair of gloves of dexterity (worn)
 Y - a +2 hat of spirit shield (worn)
 Z - a +2 cloak of magic resistance (worn)
Magical Staves
 e - an uncursed staff of death (weapon)
Jewellery
 h - a ring of protection from magic (left hand)
 l - an uncursed amulet of magic regeneration
 u - a +2 ring of evasion (right hand)
 y - an uncursed ring of ice
 O - an uncursed amulet of harm
 T - an uncursed ring of protection from fire
 U - an amulet of dismissal (around neck)
Wands
 b - a wand of teleportation (5/9)
 H - a wand of disintegration (16/24)
Scrolls
 q - a scroll of teleportation
 s - 6 scrolls of recharging
 x - 2 scrolls of amnesia
 B - 5 scrolls of remove curse
 F - a scroll of fog
 R - 2 scrolls of fear
Potions
 g - 5 potions of curing
 j - 8 potions of haste
 m - 4 potions of agility
 n - 4 potions of berserk rage
 o - 6 potions of flight
 r - 3 potions of heal wounds
 t - 5 potions of brilliance
 J - a potion of cure mutation
 W - 2 potions of lignification
 X - 2 potions of resistance
Books
 a - Kikubaaqudgha's Almanac of Sinister Rites
   (Kikubaaqudgha gifted it to you on level 9 of the Dungeon)

   Spells                             Type                      Level
   a - Animate Dead                   Necromancy                   4
   b - Bolt of Draining               Conjuration/Necromancy       5
   c - Agony                          Necromancy                   5
   d - Cigotuvi's Embrace             Necromancy                   5
   e - Dispel Undead                  Necromancy                   5
 v - a book of Unlife

   Spells                             Type                      Level
   a - Recall                         Summoning/Translocation      3
   b - Animate Dead                   Necromancy                   4
   c - Control Undead                 Necromancy                   4
   d - Cigotuvi's Embrace             Necromancy                   5
   e - Death Channel                  Necromancy                   6
   f - Simulacrum                     Ice/Necromancy               6
 C - Kikubaaqudgha's Tome of Unholy Arts
   (Kikubaaqudgha gifted it to you on level 2 of the Dungeon)

   Spells                             Type                      Level
   a - Animate Skeleton               Necromancy                   1
   b - Corpse Rot                     Necromancy                   2
   c - Sublimation of Blood           Necromancy                   2
   d - Vampiric Draining              Necromancy                   3
   e - Control Undead                 Necromancy                   4
 N - a Necronomicon

   Spells                             Type                      Level
   a - Haunt                          Necromancy/Summoning         7
   b - Borgnjor's Revivification      Necromancy                   8
   c - Death's Door                   Charms/Necromancy            8
   d - Infestation                    Necromancy                   8
   e - Necromutation                  Transmutation/Necromancy     8
Comestibles
 d - 8 bread rations
 f - 13 meat rations
 i - 7 slices of pizza
 p - 12 royal jellies
 z - 5 beef jerkies
 K - 14 fruits


   Skills:
 - Level 5.0(4.2) Fighting
 - Level 8.0(7.2) Staves
 - Level 10.0(9.1) Dodging
 - Level 8.0(7.2) Stealth
 + Level 12.7(11.7) Spellcasting
 - Level 8.5(7.6) Conjurations
   Level 1.1(0.4) Summonings
 - Level 20.0(18.9) Necromancy
 - Level 1.1(0.4) Translocations
 - Level 5.0(4.2) Evocations


You had one spell level left.
You knew the following spells:

 Your Spells              Type           Power        Failure   Level  Hunger
a - Repel Missiles        Chrm/Air       ###...       8%          2    None
b - Blink                 Tloc           N/A          6%          2    None
c - Sublimation of Blood  Necr           ########..   0%          2    None
d - Corpse Rot            Necr           N/A          0%          2    None
e - Iskenderun's Mystic   Conj           ######..     1%          4    None
f - Vampiric Draining     Necr           ########..   0%          3    None
h - Magic Dart            Conj           ####         1%          1    None
r - Mephitic Cloud        Conj/Pois/Air  ####....     4%          3    None
s - Conjure Flame         Conj/Fire      #####...     1%          3    None
t - Iskenderun's Battles  Conj/Chrm      #####...     21%         5    ###....
w - Dispel Undead         Necr           ########     1%          5    ###....
z - Bolt of Draining      Conj/Necr      #######...   1%          5    ###....


Dungeon Overview and Level Annotations

Branches:
Dungeon (9/15)             Temple (1/1) D:5            Lair (6/6) D:9
  Swamp (0/4) Lair:3       Spider (0/4) Lair:2        Slime (0/5) Lair:6
    Orc (2/2) D:9             Elf (1/3) Orc:2

Altars:
Ashenzari
Cheibriados
Dithmenos
Elyvilon
Fedhas
Gozag
Hepliaklqana
Kikubaaqudgha
Makhleb
Nemelex Xobeh
Okawaru
Qazlal
Ru
Sif Muna
Trog
Uskayaw
Vehumet
Xom
Yredelemnul
Zin
The Shining One
Jiyva

Shops:
D:8 [[   Orc:2 ?:[[


Innate Abilities, Weirdness & Mutations

You are resistant to hostile enchantments. (MR+)
Your natural rate of healing is unusually fast.


Message History

Casting: Blink
Confirm with . or Enter, or press ? or * to list all spells.
Aiming: Iskenderun's Mystic Blast
Press: ? - help, Shift-Dir - straight line, f - saltling
Aim: a saltling (severely damaged, unusually strong)
The orb of energy hits the saltling.
You destroy the saltling!
Kikubaaqudgha accepts your kill.
The orb of energy explodes!
The mystic blast hits the peacekeeper.
The peacekeeper is heavily damaged.
The peacekeeper bites you!
* * * LOW HITPOINT WARNING * * *
The peacekeeper claws you!
* * * LOW HITPOINT WARNING * * *
Your battlesphere fires!
The saltling barely misses you. The peacekeeper misses you.
The peacekeeper claws you but does no damage.
The saltling hits you!
You die...
Kikubaaqudgha rasps: "You have failed me!
Welcome... death!"

#..### #....## ##....
##...## ##.∩..# #.#....
##..§## ##..## ##.......
###§.# #### ##........
##§§.# ##.§.......
###§§.##########.§§S......
§§§§§§§.§..........§......
.§§§§§§§§.......*8........
§§§§§§§.§§......@..§§§§...
.§§§§§.§§§..##..88§§§§§.§.
..§§§§§§.§.....§§§§§§.§.§.
§§.§.§§§........§§§§§§§§§.
§.§.§§§...........§§§§§§..
.....§............§§§
.................§§,
.................§§
.............


You could see a peacekeeper, a guardian serpent, 2 saltlings and a friendly
battlesphere.

Vanquished Creatures
  Gastronok (Lair:2)
  The ghost of PeterMcNeter the Cruncher, a journeyman FoFi of Okawaru (Lair:2)
  A fire dragon (Volcano)
  2 hydras
  An alligator snapping turtle (Elf:1)
  A dancing weapon (Elf:1)
  3 death yaks (Lair:6)
  5 orc high priests (Orc:2)
  The ghost of junb69 the Carver, a novice TeGl of Okawaru (D:8)
  Nergalle (Lair:1)
  A lindwurm (Orc:2)
  Pikel (D:9)
  3 deep elf magi (Elf:1)
  2 ugly things
  A salamander (Volcano)
  2 orc sorcerers (Orc:2)
  3 black mambas
  A guardian serpent (Desolation)
  Psyche (D:8)
  4 elephants (Lair:6)
  23 spiny frogs
  2 torpor snails
  2 rime drakes
  6 komodo dragons
  A queen bee (Lair:1)
  4 trolls
  2 polar bears
  Prince Ribbit (D:6)
  21 blink frogs
  2 giant leeches (Lair:6)
  3 two-headed ogres (Volcano)
  8 saltlings
  A boulder beetle (Lair:4)
  Sigmund (D:3)
  A tarantella (Lair:2)
  5 fire bats (Volcano)
  A water elemental (Elf:1)
  52 yaks
  7 hippogriffs
  5 wyverns
  2 basilisks
  2 steam dragons (Volcano)
  11 vampire mosquitoes
  Menkaure (D:6)
  7 wargs
  2 mottled dragons (Volcano)
  17 water moccasins
  Duvessa (D:7)
  12 porcupines
  4 black bears
  4 slaves (D:9)
  A sky beast (D:5)
  25 orc warriors
  A necrophage (D:9)
  10 ogres
  11 wolves
  A centaur (D:6)
  18 crocodiles
  3 big kobolds (Sewer)
  21 giant frogs
  A wyvern zombie (D:9)
  A gnoll sergeant (Orc:2)
  Dowan (D:7)
  3 scorpions
  34 killer bees
  4 howler monkeys
  5 electric eels
  5 crimson imps
  4 jellies
  5 giant frog zombies
  20 orc priests
  20 orc wizards
  4 centaur skeletons
  2 giant frog skeletons
  Natasha (twice) (D:4)
  Terence (D:2)
  9 iguanas
  8 worker ants
  A hound zombie (D:6)
  A worker ant zombie (D:9)
  18 adders
  7 gnolls
  69 river rats
  3 shadow imps
  4 oozes
  2 adder zombies (D:9)
  2 adder skeletons
  7 worms
  2 dart slugs
  The ghost of Amnesiac the Magician, a weakling DEWz (D:3)
  5 giant geckos
  61 orcs
  4 bats
  2 giant cockroaches
  6 goblins
  6 hobgoblins
  7 jackals
  3 quokkas
  6 ball pythons
  A giant gecko skeleton (D:8)
  A giant gecko zombie (D:5)
  5 giant newts
  7 kobolds
  A quokka skeleton (D:4)
  A quokka zombie (D:5)
  12 rats
  A fungus (Lair:5)
713 creatures vanquished.

Vanquished Creatures (others)
  A wizard (D:5)
  A steam dragon (Volcano)
  7 fungi
  22 plants
31 creatures vanquished.

Grand Total: 744 creatures vanquished

Notes
Turn   | Place    | Note
-------+----------+-------------------------------------------
     0 | D:1      | Amnesiac the Deep Elf Wizard began the quest for the Orb.
     0 | D:1      | Reached XP level 1. HP: 10/10 MP: 7/7
   179 | D:2      | Reached XP level 2. HP: 9/15 MP: 1/9
   382 | D:3      | Reached XP level 3. HP: 18/19 MP: 2/11
   387 | D:3      | Learned a level 3 spell: Mephitic Cloud
   391 | D:3      | Learned a level 3 spell: Conjure Flame
   394 | D:3      | Learned a level 2 spell: Repel Missiles
   397 | D:3      | Learned a level 2 spell: Blink
   585 | D:3      | Noticed Amnesiac's ghost (weakling DEWz)
   593 | D:3      | Killed Amnesiac's ghost
   758 | D:4      | Noticed a scorpion
   810 | D:3      | Killed a scorpion
   810 | D:3      | Reached XP level 4. HP: 12/24 MP: 5/12
   855 | D:3      | Reached skill level 5 in Conjurations
  1089 | D:3      | Reached XP level 5. HP: 28/28 MP: 8/14
  1147 | D:4      | Noticed Natasha
  1154 | D:4      | Killed Natasha
  1154 | D:4      | Reached skill level 5 in Spellcasting
  1225 | D:4      | Found a glowing drain.
  1240 | Sewer    | Entered a sewer
  1331 | Sewer    | Reached XP level 6. HP: 26/32 MP: 5/16
  2056 | D:4      | Reached XP level 7. HP: 26/36 MP: 10/18
  2299 | D:4      | Found a glowing golden altar of the Shining One.
  2420 | D:4      | Found a sacrificial altar of Ru.
  2646 | D:4      | Noticed Natasha
  2651 | D:4      | Killed Natasha
  2750 | D:5      | Entered Level 5 of the Dungeon
  2985 | D:5      | Found a staircase to the Ecumenical Temple.
  2994 | Temple   | Entered the Ecumenical Temple
  3223 | Temple   | Became a worshipper of Kikubaaqudgha
  3337 | D:2      | Noticed Terence
  3358 | D:2      | Killed Terence
  4164 | D:2      | Reached skill level 1 in Necromancy
  4187 | D:2      | Reached * piety under Kikubaaqudgha
  4187 | D:2      | Identified Kikubaaqudgha's Tome of Unholy Arts (Kikubaaqudgha gifted it to you on level 2 of the Dungeon)
  4187 | D:2      | Received a gift from Kikubaaqudgha
  4193 | D:2      | Learned a level 3 spell: Vampiric Draining
  4196 | D:2      | Learned a level 2 spell: Sublimation of Blood
  4199 | D:2      | Learned a level 2 spell: Corpse Rot
  4425 | D:3      | Noticed Sigmund
  4440 | D:3      | Killed Sigmund
  4440 | D:3      | Reached skill level 3 in Necromancy
  4440 | D:3      | Reached XP level 8. HP: 41/41 MP: 8/21
  4789 | D:3      | Reached skill level 4 in Necromancy
  4822 | D:5      | Found a snail-covered altar of Cheibriados.
  5232 | D:5      | Reached skill level 5 in Necromancy
  5478 | D:5      | Reached skill level 6 in Necromancy
  5527 | D:5      | Found a bloodstained altar of Trog.
  5528 | D:5      | Noticed a wizard
  5533 | D:5      | Killed a wizard
  5690 | D:5      | Got a crystal long sword
  5691 | D:5      | Identified the +4 long sword "Hydrabane" {flame, Int+3} (You found it on level 5 of the Dungeon)
  5810 | D:6      | Noticed Menkaure
  5811 | D:6      | Noticed a cyan ugly thing
  5819 | D:6      | Killed a cyan ugly thing
  5819 | D:6      | Reached skill level 7 in Necromancy
  5824 | D:6      | Killed Menkaure
  5824 | D:6      | Reached skill level 8 in Necromancy
  5900 | D:6      | Gained mutation: Scrolls take you a little longer to read. [mutagenic meat]
  5963 | D:6      | Reached skill level 9 in Necromancy
  5963 | D:6      | Reached XP level 9. HP: 29/45 MP: 7/22
  5964 | D:6      | Reached ** piety under Kikubaaqudgha
  6170 | D:6      | Noticed Prince Ribbit
  6181 | D:6      | Killed Prince Ribbit
  6458 | D:7      | Found a blossoming altar of Fedhas.
  6464 | D:7      | Noticed Duvessa
  6464 | D:7      | Noticed Dowan
  6475 | D:7      | Killed Dowan
  6475 | D:7      | Reached skill level 10 in Necromancy
  6484 | D:7      | Killed Duvessa
  6840 | D:7      | Reached skill level 11 in Necromancy
  6908 | D:7      | Noticed a troll
  6934 | D:7      | Killed a troll
  7371 | D:8      | Noticed Psyche
  7386 | D:8      | Killed Psyche
  7386 | D:8      | Reached skill level 12 in Necromancy
  7455 | D:8      | Learned a level 5 spell: Iskenderun's Battlesphere
  7609 | D:8      | Reached XP level 10. HP: 17/50 MP: 0/23
  7765 | D:8      | Reached skill level 13 in Necromancy
  7791 | D:8      | Noticed junb69's ghost (novice TeGl)
  7831 | D:8      | Found Kurar's Antique Armour Shop.
  7894 | D:8      | Found Tevioroli's Antique Armour Emporium.
  7907 | D:8      | Bought a pair of glowing boots for 130 gold pieces
  7918 | D:8      | Bought a pair of glowing gloves for 130 gold pieces
  7928 | D:8      | Bought a pair of runed gloves for 130 gold pieces
  8188 | D:8      | Killed junb69's ghost
  8188 | D:8      | Reached skill level 14 in Necromancy
  8378 | D:9      | Found a staircase to the Lair.
  8411 | D:9      | Identified a scroll of acquirement
  8453 | D:9      | Reached *** piety under Kikubaaqudgha
  8453 | D:9      | Identified Kikubaaqudgha's Almanac of Sinister Rites (Kikubaaqudgha gifted it to you on level 9 of the Dungeon)
  8453 | D:9      | Received a gift from Kikubaaqudgha
  8461 | D:9      | Learned a level 5 spell: Bolt of Draining
  8566 | D:9      | Reached skill level 10 in Spellcasting
  8673 | D:9      | Found a staircase to the Orcish Mines.
  8733 | D:9      | Noticed a white ugly thing
  8737 | D:9      | Killed a white ugly thing
  8753 | D:9      | Gained mutation: You passively map a small area around you. [mutagenic meat]
  8856 | D:9      | Noticed Pikel
  8858 | D:9      | Killed Pikel
  9080 | D:9      | Reached XP level 11. HP: 28/55 MP: 13/29
  9082 | D:9      | Reached skill level 1 in Fighting
  9564 | D:9      | Learned a level 5 spell: Dispel Undead
  9730 | Lair:1   | Entered Level 1 of the Lair of Beasts
  9771 | Lair:1   | Reached **** piety under Kikubaaqudgha
  9930 | Lair:1   | Reached skill level 5 in Stealth
 10089 | Lair:1   | Noticed Nergalle
 10092 | Lair:1   | Killed Nergalle
 10606 | Lair:1   | Reached skill level 5 in Fighting
 10776 | Lair:1   | Reached skill level 5 in Dodging
 10882 | Lair:1   | Reached ***** piety under Kikubaaqudgha
 11180 | Lair:2   | Noticed PeterMcNeter's ghost (journeyman FoFi)
 11184 | Lair:2   | Killed PeterMcNeter's ghost
 11236 | Lair:2   | Reached XP level 12. HP: 68/68 MP: 3/30
 11371 | Lair:2   | Noticed a four-headed hydra
 11375 | Lair:2   | Killed a four-headed hydra
 11497 | Lair:2   | Reached skill level 10 in Dodging
 11741 | Lair:2   | Noticed Gastronok
 11746 | Lair:2   | Killed Gastronok
 11924 | Lair:2   | Found a hole to the Spider Nest.
 12271 | Lair:2   | Reached skill level 5 in Evocations
 12387 | Lair:3   | Reached skill level 1 in Staves
 12756 | Lair:3   | Found a staircase to the Swamp.
 12761 | Lair:3   | Reached skill level 5 in Staves
 14335 | Lair:4   | Reached skill level 15 in Necromancy
 14367 | Lair:4   | Reached XP level 13. HP: 72/72 MP: 12/31
 14755 | Lair:5   | Gained mutation: You are resistant to hostile enchantments. (MR+) [potion of mutation]
 14991 | Lair:5   | Reached skill level 16 in Necromancy
 15241 | Lair:5   | Reached ****** piety under Kikubaaqudgha
 15252 | Lair:5   | Received a gift from Kikubaaqudgha
 15733 | Lair:6   | Entered Level 6 of the Lair of Beasts
 15951 | Lair:6   | Found a viscous altar of Jiyva.
 15952 | Lair:6   | Found a staircase to the Slime Pits.
 16078 | Lair:6   | Reached skill level 17 in Necromancy
 16915 | Lair:6   | Reached skill level 18 in Necromancy
 17573 | Lair:6   | Reached XP level 14. HP: 78/78 MP: 16/32
 17621 | Lair:6   | Reached skill level 19 in Necromancy
 18163 | Orc:1    | Entered Level 1 of the Orcish Mines
 18317 | Orc:1    | Found a bloodstained altar of Trog.
 18418 | Orc:2    | Entered Level 2 of the Orcish Mines
 18788 | Orc:2    | Found a staircase to the Elven Halls.
 18833 | Orc:2    | Found a dark tunnel.
 18847 | Volcano  | Entered a volcano
 19307 | Volcano  | Reached skill level 20 in Necromancy
 20523 | Orc:2    | Found Boickaff's Antique Armour Boutique.
 20523 | Orc:2    | Found Vuigun's Book Shop.
 20524 | Orc:2    | Found Qishaq Duulu's Magic Scroll Shop.
 20527 | Orc:2    | Found Tubuim's Antique Armour Boutique.
 20530 | Orc:2    | Bought a pair of runed boots for 175 gold pieces
 20582 | Orc:2    | Bought a glowing cloak for 148 gold pieces
 21313 | Elf:1    | Entered Level 1 of the Elven Halls
 21334 | Elf:1    | Learned a level 4 spell: Iskenderun's Mystic Blast
 21374 | Elf:1    | Found an ancient bone altar of Kikubaaqudgha.
 21413 | Elf:1    | Found a flickering gateway to a bazaar.
 21417 | Bazaar   | Entered a bazaar
 21430 | Bazaar   | Found Ogisom's Gadget Shoppe.
 21430 | Bazaar   | Found Tiucer's Magic Scroll Shoppe.
 21466 | Bazaar   | Found Pehen's Book Emporium.
 21466 | Bazaar   | Found Emuamonu's Distillery.
 21531 | Bazaar   | Bought a wand of teleportation (3/9) for 336 gold pieces
 21549 | Bazaar   | Bought a scroll of enchant armour for 90 gold pieces
 21784 | Elf:1    | Found a ruined silver gateway.
 21788 | Desolati | Entered the Desolation of Salt
 21986 | Desolati | Gained mutation: Armour fits poorly on your strangely shaped body. [mutagenic meat]
 22045 | Desolati | Gained mutation: You expend magic power (3 MP) to strengthen your wands. [mutagenic meat]
 22048 | Desolati | Gained mutation: Your magical capacity is low. (-10% MP) [mutagenic meat]
 22051 | Desolati | Gained mutation: Your natural rate of healing is unusually fast. [mutagenic meat]
 22051 | Desolati | Lost mutation: Your magical capacity is low. (-10% MP) [potion of cure mutation]
 22051 | Desolati | Lost mutation: Armour fits poorly on your strangely shaped body. [potion of cure mutation]
 22051 | Desolati | Lost mutation: Scrolls take you a little longer to read. [potion of cure mutation]
 22051 | Desolati | Lost mutation: You passively map a small area around you. [potion of cure mutation]
 22051 | Desolati | Lost mutation: You expend magic power (3 MP) to strengthen your wands. [potion of cure mutation]
 22162 | Desolati | Mangled by a saltling

Vault maps used:
D:1:      mrwooster_arrival_arrow, serial_forest, infiniplex_forest_clump_small,
          infiniplex_forest_lined_room_2, infiniplex_forest_straight_2,
          infiniplex_forest_clump_curved, infiniplex_forest_straight_4,
          infiniplex_forest_corner_2, infiniplex_forest_zigzag_2
D:2:      hangedman_decor_clover_reticule, uniq_terence
D:3:      serial_bayou_pond_e, uniq_sigmund
D:4:      kennysheep_six_static_rooms, nicolae_ru_the_path_less_chosen,
          nicolae_overflow_crystal_walls, portal_sewer_entry_b, first_bread,
          grunt_ministairs_7, uniq_natasha
D:5:      basic_altar, trog_wizard
D:6:      minmay_misc_feat_more_columns, moated_statue, grunt_ministairs_9,
          uniq_prince_ribbit1, uniq_menkaure
D:7:      fedhas_altar_2, uniq_duvessa
D:8:      serial_shops, nicolae_shop_overgrown_old_shop, kennysheep_mini,
          uniq_psyche
D:9:      lair_0_dummy, erik_orc_3, uniq_pikel
Temple:   eino_narrow_crystal_temple
Lair:1:   special_room, st_stairs_3, uniq_nergalle
Lair:2:   spider_nest_entry_rubble, grunt_megastairs_5, uniq_gastronok
Lair:3:   minmay_swamp_entry_swarm
Lair:4:   lemuel_fruit_tree
Lair:5:   serial_bayou_shore_a
Lair:6:   minmay_lair_end_frog_pond, slime_altar_1, serial_bayou_shore_b,
          grunt_megastairs_2
Orc:1:    trog_butcher_becter
Orc:2:    st_orc_mages, nicolae_volcano_entry_vermiform
Elf:1:    basic_altar, serial_shops, bzr_entry_road, shop,
          portal_desolation_entry_salt
Bazaar:   grunt_bazaar_doublecross
Sewer:    sewer_co_15_rooms
Volcano:  pf_volcano_lost_world

Skill      XL: |  1  2  3  4  5  6  7  8  9 10 11 12 13 14 |
---------------+-------------------------------------------+-----
Conjurations   | 2 3 4 5 6 7 8 |  8.5
Spellcasting   | 5 6 7 12 | 12.7
Necromancy     | 3 9 12 14 15 18 20 | 20.0
Fighting       | 5 |  5.0
Stealth        | 5 6 8 |  8.0
Dodging        | 9 10 | 10.0
Evocations     | 5 |  5.0
Staves         | 6 8 |  8.0
Summonings     | |  1.1
Translocations | |  1.1

Action                   |  1- 3 |  4- 6 |  7- 9 | 10-12 | 13-15 || total
-------------------------+-------+-------+-------+-------+-------++-------
Melee: Long sword        |       |       |    12 |    17 |       ||    29
       Staff             |       |       |       |    52 |   414 ||   466
 Cast: Magic Dart        |    44 |   114 |   398 |    58 |       ||   614
       Mephitic Cloud    |     2 |     3 |    14 |     5 |       ||    24
       Conjure Flame     |     1 |     1 |    13 |    15 |       ||    30
       Blink             |     1 |       |     2 |     5 |     4 ||    12
       Repel Missiles    |     1 |       |       |     1 |       ||     2
       Vampiric Draining |       |       |    10 |    28 |    34 ||    72
       Iskenderun's Batt |       |       |     2 |    10 |     5 ||    17
       Bolt of Draining  |       |       |       |   204 |   205 ||   409
       Dispel Undead     |       |       |       |    11 |     4 ||    15
       Sublimation of Bl |       |       |       |     3 |     8 ||    11
       Corpse Rot        |       |       |       |     2 |       ||     2
       Iskenderun's Myst |       |       |       |       |    24 ||    24
Invok: Receive Necronomi |       |       |       |       |     1 ||     1
  Use: Scroll            |       |       |     8 |    20 |    11 ||    39
       Potion            |       |       |       |     6 |     9 ||    15
 Stab: Distracted        |       |       |       |     2 |       ||     2
       Sleeping          |       |       |       |       |     3 ||     3
  Eat: Chunk             |       |     2 |    21 |    39 |    42 ||   104
       Bread ration      |       |       |       |       |     1 ||     1
Armor: Robe              |     1 |     2 |    19 |    39 |    96 ||   157
Dodge: Dodged            |     7 |    11 |    73 |   146 |   425 ||   662
       Deflected         |       |       |     1 |       |     1 ||     2
